 Dungeon Sprint DCSS version 0.20.1-1-g8b1a95d (webtiles) character file.

242542 potatolord6000 the End of an Era (level 19, -27/327 HPs)
             Began as a Deep Dwarf Fighter on Aug 29, 2017.
             Was the Champion of Qazlal.
             Killed from afar by a Brimstone Fiend (49 damage)
             ... with damnation
             ... in the Dungeon (Sprint VII: "The Pits").
             The game lasted 00:45:24 (4605 turns).

potatolord6000 the End of an Era (DDFi)             Turns: 4605, Time: 00:45:25

Health: -27/327    AC: 42    Str: 31    XL:     19   Next: 10%
Magic:  5/11       EV:  9    Int: 15    God:    Qazlal [******]
Gold:   81         SH: 37    Dex: 12    Spells: 64/64 levels left

rFire    + . .     SeeInvis .   e - +9 long sword (flame)
rCold    + + .     Gourm    .   C - +1 large shield
rNeg     + + +     Faith    .   v - +6 plate armour
rPois    .         Spirit   .   s - +1 helmet
rElec    .         Reflect  .   g - +2 cloak "Vecrur" {rC+ rN++}
rCorr    .         Harm     +   w - +1 pair of gloves
MR       ++...     Rnd*Rage +   (no boots) Stlth ..........NoTele +
                                D - amulet "Vitosub" {Harm *Drain Int+4}
Regen    0.0/turn               i - +6 ring of protection
MPRegen  0.2/turn               B - ring "Lyaqut" {*Contam +Fly rF+ rC+ MP+9}

@: berserking (expiring), protected from physical damage, non-regenerating,
repel missiles, very quick
A: damage resistance, heal wounds, berserk 1, blurry vision 2, deformed body,
deterioration 1, negative energy resistance 1, sense surroundings 3, screaming
1, no potion heal 1, subdued magic 1, no regeneration
}: 1/15 runes: silver
a: Heal Wounds, Upheaval, Elemental Force, Disaster Area, Renounce Religion,
Evoke Flight


You were in the Dungeon.
You worshipped Qazlal.
Qazlal was exalted by your worship.
You were very full.

You visited 1 branch You collected 81 gold pieces.

Inventory:

Hand Weapons
 e - a +9 long sword of flaming (weapon)
Armour
 g - the +2 cloak "Vecrur" (worn) {rC+ rN++}
   (You found it in the Dungeon)

   It protects you from cold.
   It greatly protects you from negative energy.
 s - a +1 helmet (worn)
 v - a +6 plate armour (worn)
 w - a +1 pair of gloves (worn)
 C - a +1 large shield (worn)
Jewellery
 i - a +6 ring of protection (left hand)
 B - the ring "Lyaqut" (right hand) {*Contam +Fly rF+ rC+ MP+9}
   (You found it in the Dungeon)

   [ring of flight]

   It protects you from fire.
   It protects you from cold.
   It affects your magic capacity (+9).
   It lets you fly.
   It causes magical contamination when unequipped.
 D - the amulet "Vitosub" (around neck) {Harm *Drain Int+4}
   (You took it off an orc warlord in the Dungeon)

   [amulet of harm]

   It increases damage dealt and taken.
   It affects your intelligence (+4).
   It causes draining when unequipped.
Scrolls
 k - a scroll of blinking
 m - 4 scrolls of remove curse
 n - 5 scrolls of amnesia
 o - a scroll of summoning
 r - 3 scrolls of fog
 u - a scroll of enchant weapon
 y - 4 scrolls of identify
 A - 3 scrolls of recharging
 F - 3 scrolls of fear
Potions
 j - 7 potions of berserk rage
 l - 2 potions of curing
 t - 2 potions of agility
 z - 2 potions of brilliance
 G - a potion of flight
Comestibles
 f - 13 bread rations
 p - 40 fruits
 q - 3 meat rations
 x - 9 royal jellies


   Skills:
 + Level 24.8 Fighting
 + Level 26.4 Long Blades
 O Level 27 Armour
 + Level 19.6 Stealth
 O Level 27 Shields
 + Level 23.0 Spellcasting
 O Level 27 Invocations


You had 64 spell levels left.
You didn't know any spells.

Dungeon Overview and Level Annotations

Branches:
Dungeon (1/1)

Altars:
Ashenzari
Cheibriados
Dithmenos
Elyvilon
Fedhas
Gozag
Hepliaklqana
Kikubaaqudgha
Makhleb
Nemelex Xobeh
Okawaru
Qazlal
Ru
Sif Muna
Trog
Uskayaw
Vehumet
Xom
Yredelemnul
Zin
The Shining One
Beogh
Jiyva
Lugonu


Innate Abilities, Weirdness & Mutations

You are resistant to damage.
You can heal yourself by infusing magical energy.
You resist negative energy. (rN+)
You passively map a large area around you.
You do not regenerate.
You tend to lose your temper in combat.
Scrolls take you longer to read.
Armour fits poorly on your strangely shaped body.
Your body sometimes deteriorates upon taking damage.
You occasionally shout uncontrollably at your foes.
Potions are less effective at restoring your health.
Your spells are a little easier to cast, but a little less powerful.


Message History

The tentacled monstrosity is almost dead.
You block the tentacled monstrosity's attack. x2
The tentacled monstrosity tentacle-slaps you but does no damage.
You block the tentacled monstrosity's attack.
You slice the tentacled monstrosity!! You burn the tentacled monstrosity.
You kill the tentacled monstrosity!
Qazlal accepts your kill.
Your Spellcasting skill increases to level 23!
The Brimstone Fiend calls on the powers of darkness!
Your body is wracked with pain!
* * * LOW HITPOINT WARNING * * *
The deep elf master archer convulses!
Things that are here:
an enchanted whip; a runed cloak; a black draconian corpse Unknown command.
You slash the Brimstone Fiend!
The Brimstone Fiend is lightly wounded.
The Brimstone Fiend gestures at you.
The sphere of damnation explodes!
The damnation engulfs you!
You die...

* ### ## #+# , *#####, +
+..##.### #.# #.'.## *
#..[##.# #)# ####2##,
*#'#..#.####.# , *
#C#.#.##+## * ##..##.##'#
*
#&###)#..+####.#..'#*#.#
*
#.#.#.#.##.#.#.###..###†#
## #####}.###'##.##..##.#
** #.#.##1@')###'#..##'#
* , ##'#.)#####.##..###)#
, #.#.##+ #.##'..## #'# ,
* ###.# **#†#..'## #.# ,
, ** < ### ,##..##.###'#
, * * +..#+##+##.## , < <
#..+# #.#÷.)# ,** < #..#
, #++)..# *** ###*
####.##


You could see a Brimstone Fiend.

Vanquished Creatures
  2 orbs of fire (D)
  An ancient lich (D)
  A Killer Klown (D)
  4 curse toes (D)
  Saint Roka (D)
  Geryon (D)
  Nikola (D)
  Jory (D)
  4 bone dragons (D)
  A Brimstone Fiend (D)
  2 Tzitzimimeh (D)
  A pearl dragon (D)
  2 electric golems (D)
  4 pandemonium lords (D)
  A hellephant (D)
  3 Hell Sentinels (D)
  A lich (D)
  A tentacled monstrosity (D)
  2 Ice Fiends (D)
  6 titans (D)
  A deep elf master archer (D)
  Murray (D)
  2 deep elf blademasters (D)
  A death cob (D)
  An Executioner (D)
  4 storm dragons (D)
  2 shadow dragons (D)
  A draconian monk (D)
  A nagaraja (D)
  5 fire giants (D)
  20 orc warlords (D)
  2 frost giants (D)
  Louise (D)
  A draconian shifter (D)
  An emperor scorpion (D)
  2 ghost moths (D)
  2 draconian scorchers (D)
  An angel (D)
  A spriggan defender (D)
  A draconian annihilator (D)
  A reaper (D)
  2 balrugs (D)
  An ophan (D)
  3 ghouls (D)
  3 green draconians (D)
  2 apis (D)
  A stone giant (D)
  2 deep elf demonologists (D)
  2 vampire knights (D)
  3 purple draconians (D)
  2 white draconians (D)
  3 deep elf annihilators (D)
  A dire elephant (D)
  2 yellow draconians (D)
  An ettin (D)
  An ettin (shapeshifter) (D)
  4 green deaths (D)
  2 blizzard demons (D)
  A yaktaur captain (D)
  Harold (D)
  5 fire dragons (D)
  A rakshasa (D)
  2 ice dragons (D)
  5 naga warriors (D)
  A hydra (D)
  A hell beast (D)
  A vault guard (D)
  A merfolk aquamancer (D)
  A catoblepas (D)
  3 death knights (D)
  An alligator snapping turtle (D)
  2 dancing weapons (D)
  8 orc high priests (D)
  A naga sharpshooter (D)
  4 deep elf knights (D)
  A sun demon (D)
  A salamander mystic (D)
  2 fire crabs (D)
  2 iron trolls (D)
  A sixfirhy (D)
  9 skeletal warriors (D)
  A deep troll (D)
  A spriggan druid (D)
  3 swamp dragons (D)
  A phantasmal warrior (D)
  2 wizards (D)
  3 harpies (D)
  17 orc knights (D)
  2 manticores (D)
  7 orc sorcerers (D)
  A salamander (D)
  A cyclops (D)
  5 deep elf magi (D)
  6 elephants (D)
  A rust devil (D)
  A naga mage (D)
  A black mamba (D)
  3 hellions (D)
  2 yaktaurs (D)
  2 ice devils (D)
  A komodo dragon (D)
  A demonic crawler (D)
  A hellwing (D)
  6 kobold demonologists (D)
  2 tormentors (D)
  A red devil (D)
  A wandering mushroom (D)
  A merfolk (D)
  3 polar bears (D)
  A wind drake (D)
  A hornet (D)
  A tyrant leech (D)
  A hippogriff (D)
  3 bog bodies (D)
  3 air elementals (D)
  3 water elementals (D)
  3 small abominations (D)
  A ynoxinul (D)
  2 redbacks (D)
  A wraith (D)
  13 yaks (D)
  2 spriggans (D)
  A vampire (D)
  2 flying skulls (D)
  Sigmund (D)
  A wyvern (D)
  2 neqoxecs (D)
  A basilisk (D)
  A chaos spawn (D)
  A hungry ghost (D)
  A steam dragon (D)
  A soldier ant (D)
  2 nagas (D)
  A floating eye (D)
  A large abomination (D)
  18 orc warriors (D)
  An ogre (D)
  2 eyes of draining (D)
  5 necrophages (D)
  A wolf (D)
  A crocodile (D)
  3 big kobolds (D)
  An earth elemental (D)
  An orc priest (D)
  3 orc wizards (D)
  A gnoll shaman (D)
  An iron imp (D)
  A worker ant (D)
  A hell rat (D)
  2 mummies (D)
  6 gnolls (D)
  2 river rats (D)
  A white imp (D)
  2 ufetubi (D)
  An ooze (D)
  A leopard gecko (D)
  10 orcs (D)
  2 bats (D)
  A bat simulacrum (D)
  A bat skeleton (D)
  A bat zombie (D)
  3 jackals (D)
  7 kobolds (D)
  2 quokkas (D)
  A frilled lizard (D)
  2 jackal simulacra (D)
395 creatures vanquished.

Vanquished Creatures (others)
  A fire elemental (D)
1 creature vanquished.

Grand Total: 396 creatures vanquished

Notes
Turn   | Place    | Note
-------+----------+-------------------------------------------
     0 | D        | potatolord6000 the Deep Dwarf Fighter began the quest for the Orb.
     0 | D        | Reached XP level 1. HP: 20/20 MP: 1/1
    20 | D        | Found a bloodstained altar of Trog.
    20 | D        | Found a deep blue altar of Sif Muna.
    20 | D        | Found a viscous altar of Jiyva.
    20 | D        | Found a hazy altar of Hepliaklqana.
    20 | D        | Found an opulent altar of Gozag.
    49 | D        | Found a glowing golden altar of the Shining One.
    49 | D        | Found a glowing silver altar of Zin.
    49 | D        | Found a basalt altar of Yredelemnul.
    49 | D        | Found a shimmering altar of Xom.
    49 | D        | Found a sacrificial altar of Ru.
    49 | D        | Found a stormy altar of Qazlal.
    49 | D        | Found an iron altar of Okawaru.
    49 | D        | Found a sparkling altar of Nemelex Xobeh.
    49 | D        | Found a burning altar of Makhleb.
    49 | D        | Found a blossoming altar of Fedhas.
    49 | D        | Found a white marble altar of Elyvilon.
    49 | D        | Found a shadowy altar of Dithmenos.
    49 | D        | Found a snail-covered altar of Cheibriados.
    52 | D        | Found a corrupted altar of Lugonu.
    52 | D        | Found a radiant altar of Vehumet.
    52 | D        | Found a roughly hewn altar of Beogh.
    53 | D        | Found an ancient bone altar of Kikubaaqudgha.
    53 | D        | Found a hide-covered altar of Uskayaw.
    53 | D        | Found a shattered altar of Ashenzari.
    56 | D        | Became a worshipper of Qazlal Stormbringer
    78 | D        | Reached skill level 1 in Spellcasting
    78 | D        | Reached skill level 1 in Invocations
   192 | D        | Noticed a floating eye
   193 | D        | Paralysed by a floating eye for 2 turns
   196 | D        | Reached XP level 2. HP: 25/28 MP: 3/3
   198 | D        | Paralysed by a floating eye for 2 turns
   201 | D        | Killed a floating eye
   201 | D        | Reached * piety under Qazlal
   201 | D        | Reached skill level 5 in Armour
   201 | D        | Reached skill level 5 in Shields
   201 | D        | Reached XP level 3. HP: 32/36 MP: 4/7
   201 | D        | Reached XP level 4. HP: 39/44 MP: 4/8
   259 | D        | Reached XP level 5. HP: 35/51 MP: 9/9
   265 | D        | Reached ** piety under Qazlal
   265 | D        | Reached skill level 5 in Invocations
   295 | D        | Reached *** piety under Qazlal
   382 | D        | Noticed Sigmund
   383 | D        | Reached skill level 5 in Fighting
   383 | D        | Reached skill level 5 in Long Blades
   384 | D        | Reached **** piety under Qazlal
   385 | D        | Reached XP level 6. HP: 61/61 MP: 2/11
   386 | D        | Noticed a flying skull
   391 | D        | Killed a flying skull
   399 | D        | Killed Sigmund
   399 | D        | Reached ***** piety under Qazlal
   399 | D        | Reached skill level 5 in Spellcasting
   399 | D        | Reached XP level 7. HP: 37/70 MP: 4/13
   586 | D        | Noticed a deep elf mage
   594 | D        | Killed a deep elf mage
   599 | D        | Noticed a hungry ghost
   599 | D        | Noticed a flying skull
   604 | D        | Reached XP level 8. HP: 80/80 MP: 13/15
   622 | D        | Killed a flying skull
   635 | D        | Noticed a polar bear
   638 | D        | Reached skill level 10 in Invocations
   642 | D        | Killed a polar bear
   778 | D        | Gained mutation: You passively map the area around you. [Deep Dwarf growth]
   778 | D        | Reached XP level 9. HP: 80/88 MP: 17/17
   792 | D        | Reached skill level 10 in Shields
   798 | D        | Reached ****** piety under Qazlal
   798 | D        | Reached skill level 10 in Armour
   803 | D        | Noticed a black mamba
   805 | D        | Killed a black mamba
   810 | D        | Noticed a deep elf mage
   819 | D        | Killed a deep elf mage
   832 | D        | Noticed a manticore
   832 | D        | Noticed a red devil
   838 | D        | Killed a red devil
   850 | D        | Killed a manticore
   850 | D        | Reached XP level 10. HP: 53/99 MP: 11/19
   881 | D        | Noticed a sixfirhy
   883 | D        | Killed a sixfirhy
   883 | D        | Reached skill level 10 in Long Blades
   894 | D        | Reached skill level 10 in Fighting
   936 | D        | Noticed Harold
   947 | D        | Noticed a four-headed hydra
   948 | D        | Noticed a deep elf mage
   958 | D        | Killed a deep elf mage
   958 | D        | Reached XP level 11. HP: 76/110 MP: 21/21
   960 | D        | Killed a four-headed hydra
   964 | D        | Noticed a soul eater
   966 | D        | Killed Harold
   980 | D        | Reached skill level 10 in Spellcasting
  1117 | D        | Got the ring "Lyaqut" {*Contam +Fly rF+ rC+ MP+9}
  1280 | D        | Noticed a vampire knight
  1286 | D        | Killed a vampire knight
  1330 | D        | Reached skill level 15 in Invocations
  1438 | D        | Noticed an alligator snapping turtle
  1438 | D        | Noticed a fire giant
  1438 | D        | Noticed a deep elf knight
  1438 | D        | Noticed an orc knight
  1438 | D        | Noticed an orc knight
  1438 | D        | Noticed an orc knight
  1439 | D        | Noticed a naga warrior
  1439 | D        | Noticed an orc knight
  1440 | D        | Noticed an orc knight
  1440 | D        | Killed an orc knight
  1440 | D        | Killed an orc knight
  1440 | D        | Killed an orc knight
  1440 | D        | Killed a fire giant
  1440 | D        | Reached XP level 12. HP: 92/122 MP: 22/22
  1441 | D        | Noticed a yaktaur captain
  1442 | D        | Noticed an orc warlord
  1442 | D        | Killed an alligator snapping turtle
  1448 | D        | Noticed an orc warlord
  1448 | D        | Killed a naga warrior
  1448 | D        | Killed a yaktaur captain
  1448 | D        | Killed a vault guard
  1448 | D        | Killed an orc warlord
  1451 | D        | Noticed a naga warrior
  1451 | D        | Killed an orc warlord
  1451 | D        | Killed a naga warrior
  1451 | D        | Reached skill level 15 in Armour
  1451 | D        | Reached skill level 15 in Shields
  1454 | D        | Killed a naga warrior
  1457 | D        | Noticed an ophan
  1459 | D        | Noticed a naga warrior
  1472 | D        | Noticed Saint Roka
  1475 | D        | Killed an ophan
  1475 | D        | Reached XP level 13. HP: 84/133 MP: 5/25
  1477 | D        | Noticed a white draconian
  1479 | D        | Killed a white draconian
  1503 | D        | Killed Saint Roka
  1639 | D        | Got the +2 cloak "Vecrur" {rC+ rN++}
  1785 | D        | Gained mutation: You tend to lose your temper in combat. [a neqoxec]
  1924 | D        | Noticed an emperor scorpion
  1943 | D        | Gained mutation: Scrolls take you a little longer to read. [a neqoxec]
  1966 | D        | Gained mutation: Your body sometimes deteriorates upon taking damage. [a neqoxec]
  1979 | D        | Reached skill level 15 in Long Blades
  1997 | D        | Killed an emperor scorpion
  2145 | D        | Noticed a death cob
  2145 | D        | Noticed a balrug
  2145 | D        | Noticed a frost giant
  2148 | D        | Killed a balrug
  2148 | D        | Killed a frost giant
  2148 | D        | Gained mutation: You resist negative energy. (rN+) [Deep Dwarf growth]
  2148 | D        | Reached XP level 14. HP: 110/145 MP: 19/19
  2156 | D        | Killed a death cob
  2156 | D        | Reached skill level 15 in Fighting
  2279 | D        | Noticed a deep elf blademaster
  2283 | D        | Killed a deep elf blademaster
  2287 | D        | Noticed a deep elf blademaster
  2295 | D        | Noticed an apis
  2301 | D        | Killed a deep elf blademaster
  2304 | D        | Noticed a bone dragon
  2312 | D        | Noticed a ghoul
  2314 | D        | Killed an apis
  2314 | D        | Killed a ghoul
  2320 | D        | Noticed a bone dragon
  2370 | D        | Killed a bone dragon
  2397 | D        | Killed a bone dragon
  2401 | D        | Reached skill level 15 in Spellcasting
  2453 | D        | Noticed an apis
  2478 | D        | Killed an apis
  2478 | D        | Reached XP level 15. HP: 148/158 MP: 18/18
  2483 | D        | Noticed a storm dragon
  2486 | D        | Noticed a fire giant
  2495 | D        | Killed a storm dragon
  2501 | D        | Killed a fire giant
  2508 | D        | Noticed a titan
  2520 | D        | Killed a titan
  2528 | D        | Noticed a nagaraja
  2557 | D        | Killed a nagaraja
  2587 | D        | Noticed Jory
  2615 | D        | Killed Jory
  2816 | D        | Noticed a curse toe
  2816 | D        | Noticed a fire giant
  2816 | D        | Noticed a red draconian monk
  2818 | D        | Noticed an Ice Fiend
  2820 | D        | Noticed a titan
  2820 | D        | Noticed a shadow dragon
  2821 | D        | Killed a titan
  2821 | D        | Killed an Ice Fiend
  2821 | D        | Killed a shadow dragon
  2821 | D        | Killed a red draconian monk
  2824 | D        | Noticed a shadow dragon
  2825 | D        | Noticed a titan
  2828 | D        | Killed a fire giant
  2831 | D        | Noticed a Tzitzimitl
  2837 | D        | Noticed a Brimstone Fiend
  2837 | D        | Killed a curse toe
  2837 | D        | Reached XP level 16. HP: 121/172 MP: 1/17
  2839 | D        | Killed a titan
  2841 | D        | Killed a shadow dragon
  2842 | D        | Noticed a bone dragon
  2848 | D        | Noticed a lich
  2848 | D        | Noticed an Executioner
  2861 | D        | Noticed a deep elf master archer
  2862 | D        | Killed an Executioner
  2872 | D        | Killed a deep elf master archer
  2897 | D        | Killed a bone dragon
  2903 | D        | Killed a lich
  2979 | D        | Got the ring "Buim" {rPois rF+++ MR+ Int+4 Stlth-}
  2981 | D        | Got the ring "Ingorruc" {+Inv +Fly rPois}
  2983 | D        | Got the ring of Gealyucs {AC+4 SInv}
  2985 | D        | Got the ring "Emafut" {rF- Int+7 Dex+3}
  2987 | D        | Got the ring "Tudefo" {Dex+5 Stlth-}
  2989 | D        | Got the ring of the Middle {rPois rN++ Int-2 Dex+3}
  2991 | D        | Got the ring "Edemupesk" {rF+ Stlth-}
  2993 | D        | Got the ring of the Hidden Nights {Ice rElec MR+ Str+6 Int-3}
  3243 | D        | Reached XP level 17. HP: 183/186 MP: 19/19
  3253 | D        | Got a silver rune of Zot
  3290 | D        | Got the amulet "Vitosub" {Harm *Drain Int+4}
  3418 | D        | Noticed an ancient lich
  3419 | D        | Noticed a Tzitzimitl
  3424 | D        | Killed a Tzitzimitl
  3438 | D        | Killed an ancient lich
  3438 | D        | Reached skill level 27 in Invocations
  3594 | D        | Noticed a curse toe
  3610 | D        | Killed a curse toe
  3618 | D        | Noticed a Hell Sentinel
  3634 | D        | Killed a Hell Sentinel
  3644 | D        | Noticed an electric golem
  3651 | D        | Killed an electric golem
  3660 | D        | Noticed a bone dragon
  3660 | D        | Noticed an orb of fire
  3660 | D        | Noticed a Hell Sentinel
  3664 | D        | Gained mutation: Your spells are a little easier to cast, but a little less powerful. [an orb of fire]
  3670 | D        | Gained mutation: You occasionally shout uncontrollably at your foes. [an orb of fire]
  3673 | D        | Killed an orb of fire
  3674 | D        | Killed a bone dragon
  3675 | D        | Killed a Hell Sentinel
  3770 | D        | Noticed a hellephant
  3786 | D        | Killed a hellephant
  3786 | D        | Gained mutation: You passively map a large area around you. [Deep Dwarf growth]
  3786 | D        | Reached XP level 18. HP: 202/202 MP: 20/20
  3833 | D        | Noticed Daes the pandemonium lord
  3845 | D        | Killed Daes the pandemonium lord
  3848 | D        | Noticed Louise
  3853 | D        | Killed Louise
  3903 | D        | Noticed a Killer Klown
  3912 | D        | Killed a Killer Klown
  3914 | D        | Noticed a Brimstone Fiend
  3942 | D        | Killed a Brimstone Fiend
  4005 | D        | Noticed Murray
  4049 | D        | Noticed a Tzitzimitl
  4050 | D        | Noticed Dusarug the pandemonium lord
  4068 | D        | Killed Dusarug the pandemonium lord
  4077 | D        | Killed Murray
  4083 | D        | Killed a Tzitzimitl
  4156 | D        | Noticed a pearl dragon
  4166 | D        | Killed a pearl dragon
  4166 | D        | Reached skill level 10 in Stealth
  4191 | D        | Noticed Cudanidgh the pandemonium lord
  4192 | D        | Noticed a curse toe
  4219 | D        | Killed Cudanidgh the pandemonium lord
  4241 | D        | Killed a curse toe
  4411 | D        | Noticed an electric golem
  4414 | D        | Noticed an Ice Fiend
  4416 | D        | Noticed Nikola
  4420 | D        | Killed an electric golem
  4431 | D        | Killed Nikola
  4439 | D        | Killed an Ice Fiend
  4451 | D        | Noticed a curse toe
  4458 | D        | Reached skill level 27 in Armour
  4458 | D        | Reached skill level 15 in Stealth
  4458 | D        | Reached skill level 27 in Shields
  4472 | D        | Killed a curse toe
  4474 | D        | Noticed a Hell Sentinel
  4512 | D        | Killed a Hell Sentinel
  4529 | D        | Noticed Geryon
  4529 | D        | Noticed Asumur the pandemonium lord
  4541 | D        | Noticed a Tzitzimitl
  4543 | D        | Killed Geryon
  4546 | D        | Noticed an orb of fire
  4552 | D        | Noticed a Brimstone Fiend
  4552 | D        | Gained mutation: Scrolls take you longer to read. [an orb of fire]
  4556 | D        | Noticed a tentacled monstrosity
  4562 | D        | Gained mutation: Armour fits poorly on your strangely shaped body. [an orb of fire]
  4576 | D        | Gained mutation: Potions are less effective at restoring your health. [an orb of fire]
  4578 | D        | Killed an orb of fire
  4587 | D        | Noticed a Hell Sentinel
  4595 | D        | Killed Asumur the pandemonium lord
  4595 | D        | Reached XP level 19. HP: 28/218 MP: 1/1
  4605 | D        | Killed from afar by a Brimstone Fiend

Skill      XL: |  1  2  3  4  5  6  7  8  9 10 11 12 13 14 15 16 17 18 19 |
---------------+----------------------------------------------------------+-----
Fighting       | 3 4 5 6 7 8 9 10 12 13 14 16 18 20 22 24 | 24.8
Spellcasting   | 1 2 3 4 5 6 7 8 9 10 12 13 15 16 18 20 22 23 | 23.0
Invocations    | 1 4 6 8 9 10 12 13 15 17 19 21 23 26 27 | 27.0
Long Blades    | 4 5 6 7 8 9 11 12 14 15 17 19 21 23 26 | 26.4
Armour         | 5 6 7 8 9 11 12 13 15 17 19 21 23 25 27 | 27.0
Shields        | 5 6 7 8 9 11 12 13 15 17 19 21 23 25 27 | 27.0
Stealth        | 19 | 19.6

Action                   |  1- 3 |  4- 6 |  7- 9 | 10-12 | 13-15 | 16-18 | 19-21 || total
-------------------------+-------+-------+-------+-------+-------+-------+-------++-------
Melee: Falchion          |    12 |    43 |       |       |       |       |       ||    55
       Long sword        |     1 |    13 |    76 |   102 |   401 |   499 |     9 ||  1101
Invok: Upheaval          |       |     2 |     5 |    24 |    20 |    12 |       ||    63
       Disaster Area     |       |       |       |     4 |     9 |     5 |       ||    18
       Elemental Force   |       |       |       |       |     1 |       |       ||     1
 Abil: Heal Wounds       |     1 |     3 |     3 |     8 |    41 |   108 |       ||   164
  Use: Potion            |       |     1 |     2 |     7 |    25 |    23 |       ||    58
       Scroll            |       |       |       |     4 |     3 |       |       ||     7
 Stab: Distracted        |       |       |       |       |     1 |       |       ||     1
       Invisible         |       |       |       |       |       |     8 |       ||     8
  Eat: Meat ration       |       |       |     2 |       |       |     4 |       ||     6
Armor: Scale mail        |     6 |    16 |       |       |       |       |       ||    22
       Chain mail        |       |     4 |    27 |    54 |     1 |       |       ||    86
       Plate armour      |       |       |       |       |   219 |   305 |     1 ||   525
Dodge: Dodged            |     8 |    21 |    17 |    45 |    89 |    94 |       ||   274
       Deflected         |       |       |     1 |     2 |     3 |     6 |       ||    12
Block: Shield            |     5 |    62 |    88 |   148 |    15 |       |       ||   318
       Large shield      |       |       |       |       |   744 |   708 |     5 ||  1457
       Rpst.: Falchion   |     2 |     9 |       |       |       |       |       ||    11
       Long sword        |     1 |     1 |     6 |     9 |    20 |    16 |       ||    53
